 Dungeon Crawl Stone Soup version 0.19-a0-1831-gd4c818f (webtiles) character file.

951 Proteus the Covert (level 7, -1/34 HPs)
             Began as a Spriggan Assassin on Oct 8, 2016.
             Slain by a killer bee (2 damage)
             ... on level 5 of the Dungeon.
             The game lasted 00:30:19 (7014 turns).

Proteus the Covert (Spriggan Assassin)              Turns: 7014, Time: 00:30:19

Health: -1/34      AC:  3    Str:  7    XL:     7   Next: 90%
Magic:  8/8        EV: 17    Int: 13    God:
Gold:   193        SH:  0    Dex: 19    Spells: 0 memorised, 6 levels left

rFire  + . .     SeeInvis +     a - +2 dagger
rCold  + . .     Gourm    .     c - +0 robe
rNeg   + . .     Faith    .     (shield restricted)
rPois  +         Spirit   .     (helmet restricted)
rElec  +         Dismiss  .     d - +0 cloak
rCorr  +         Reflect  .     (gloves unavailable)
MR     +....     Harm     .     (boots unavailable)
Stlth  ++++++....               (no amulet)
                                (no ring)
                                k - ring of positive energy

@: resistant, very quick
A: unfitting armour, see invisible, herbivore 3, speed 3, slow metabolism 2
a: no special abilities


You were on level 5 of the Dungeon.
You were not hungry.

You visited 2 branches of the dungeon, and saw 6 of its levels.

You collected 193 gold pieces.

Inventory:

Hand Weapons
 a - a +2 dagger (weapon)
 b - a +1 blowgun
 h - a +4 falchion of holy wrath
 m - a +1 dagger of pain
 u - a +0 whip of flaming
Missiles
 e - 15 poisoned needles
 v - a curare-tipped needle
Armour
 c - a +0 robe (worn)
 d - a +0 cloak (worn)
Jewellery
 k - a ring of positive energy (left hand)
Wands
 l - a wand of slowing (19/48)
 p - a wand of enslavement (4/24)
Scrolls
 o - 2 scrolls of blinking
 q - a scroll of recharging
 r - 2 scrolls of remove curse
 s - a scroll of fog
 w - a scroll of immolation {unknown}
Potions
 f - a potion of cure mutation
 i - a potion of flight
 n - a potion of resistance
 t - a potion of magic
Comestibles
 g - 4 bread rations


   Skills:
 + Level 1.8 Fighting
 + Level 2.3 Short Blades
 - Level 2.0 Throwing
 + Level 1.9 Dodging
 + Level 14.1 Stealth
 + Level 0.7 Unarmed Combat


You had 6 spell levels left.
You didn't know any spells.

Dungeon Overview and Level Annotations

Branches:
Dungeon (5/15)             Temple (1/1) D:4

Altars:
Ashenzari
Dithmenos
Elyvilon
Fedhas
Gozag
Hepliaklqana
Kikubaaqudgha
Nemelex Xobeh
Qazlal
Ru
Sif Muna
Trog
Uskayaw
Vehumet
Xom
Yredelemnul
Zin
The Shining One


Innate Abilities, Weirdness & Mutations

You are very small and have problems with some larger weapons.
You are too small for most types of armour.
You have supernaturally acute eyesight. (SInv)
You are a herbivore.
You cover ground extremely quickly.
You need consume almost no food.


Message History

The killer bee is almost dead.
You feel sick. The killer bee misses you.
You hit the killer bee.
You kill the killer bee!
You feel sick.
You feel sick.
You see here a killer bee corpse.
You start resting.
You feel sick. x5
You start resting.
You feel sick. x4
You hear a distant blaring wail to the east.
You feel sick. x5
You are no longer poisoned.
You start resting.
You start resting.
You feel protected.
It was a potion of magic.
Magic courses through your body. The killer bee stings you.
* * * LOW HITPOINT WARNING * * *
The killer bee stings you.
You die...

#.# #5#. #.##. #.#.########
#.##. #.#......y.y #####.##.
#.#.y#### ...##=##y#
#.#....<#
...##.##.#######.##.####
...'...............<..#....#
#.### ..###..#....# #.. .
.......#....#########..
#..##.##...............
##.##.####............


You could see a killer bee.

Vanquished Creatures
  Pikel (D:4)
  A slave (D:4)
  A killer bee (D:5)
  2 howler monkeys (D:4)
  A centaur skeleton (D:4)
  2 orc priests (D:3)
  An orc wizard (D:4)
  Jessica (D:3)
  Natasha (thrice) (D:3)
  6 gnolls
  6 adders
  A shadow imp (D:5)
  An adder skeleton (D:4)
  A dart slug (D:1)
  2 leopard geckos
  5 orcs (D:3)
  9 bats
  4 giant cockroaches
  6 goblins
  5 hobgoblins
  4 jackals
  2 quokkas (D:5)
  3 frilled lizards
  5 kobolds
  5 rats
78 creatures vanquished.

Vanquished Creatures (collateral kills)
  An orc priest (D:4)
  A gnoll (D:4)
  4 orcs
6 creatures vanquished.

Vanquished Creatures (others)
  A gnoll (D:4)
  2 fungi (D:5)
3 creatures vanquished.

Grand Total: 87 creatures vanquished

Notes
Turn   | Place    | Note
-------+----------+-------------------------------------------
     0 | D:1      | Proteus the Spriggan Assassin began the quest for the Orb.
     0 | D:1      | Reached XP level 1. HP: 10/10 MP: 2/2
    46 | D:1      | Reached skill level 6 in Stealth
   292 | D:1      | Reached XP level 2. HP: 5/14 MP: 3/3
   873 | D:2      | Reached skill level 7 in Stealth
   914 | D:2      | Reached XP level 3. HP: 15/18 MP: 4/4
  1079 | D:2      | Found a white marble altar of Elyvilon.
  1342 | D:2      | Reached skill level 8 in Stealth
  1708 | D:3      | Reached XP level 4. HP: 17/22 MP: 5/5
  2201 | D:3      | Noticed Natasha
  2205 | D:3      | Killed Natasha
  2205 | D:3      | Reached skill level 9 in Stealth
  2711 | D:3      | Noticed Natasha
  2735 | D:3      | Killed Natasha
  2735 | D:3      | Reached XP level 5. HP: 18/25 MP: 6/6
  2929 | D:3      | Found a shadowy altar of Dithmenos.
  2952 | D:3      | Reached skill level 10 in Stealth
  3630 | D:3      | Found a bloodstained altar of Trog.
  4045 | D:3      | Noticed Natasha
  4048 | D:3      | Killed Natasha
  4205 | D:3      | Noticed Jessica
  4219 | D:3      | Killed Jessica
  4364 | D:3      | Reached skill level 11 in Stealth
  4364 | D:3      | Reached XP level 6. HP: 30/30 MP: 7/7
  4888 | D:4      | Found a shattered altar of Ashenzari.
  5005 | D:4      | Found a stormy altar of Qazlal.
  5225 | D:4      | Found a glowing silver altar of Zin.
  5226 | D:4      | Found a shimmering altar of Xom.
  5229 | D:4      | Found a radiant altar of Vehumet.
  5395 | D:4      | Found a staircase to the Ecumenical Temple.
  5406 | Temple   | Entered the Ecumenical Temple
  5962 | D:4      | Found a sacrificial altar of Ru.
  6000 | D:4      | Noticed a slave
  6000 | D:4      | Noticed a slave
  6002 | D:4      | Noticed Pikel
  6021 | D:5      | Entered Level 5 of the Dungeon
  6126 | D:4      | Killed a slave
  6311 | D:4      | Noticed a slave
  6316 | D:4      | Noticed a slave
  6349 | D:4      | Killed Pikel
  6349 | D:4      | Reached skill level 14 in Stealth
  6349 | D:4      | Reached XP level 7. HP: 33/33 MP: 8/8
  7011 | D:5      | HP: 1/34 [killer bee (4)]
  7014 | D:5      | Slain by a killer bee

Vault maps used:
D:1:      zaba_arrival_water
D:2:      lemuel_crystal_altar
D:3:      lemuel_coloured_pillars_altar, nicolae_dithmenos_shadow_blocks,
          first_bread, uniq_jessica, uniq_natasha
D:4:      lemuel_crystal_altar, kennysheep_mini, cheibrodos_ashenzari_chains,
          minitemple, uniq_pikel
D:5:      serial_aquarium, aquarium_bridge_long_separate, aquarium_window_fake,
          aquarium_window_2, aquarium_view_2c, serial_shops, shop
Temple:   compressed_dpeg_triangle_lava_temple

Skill      XL: |  1  2  3  4  5  6 |
---------------+-------------------+-----
Stealth        | 6 7 8 9 11 14 | 14.1
Fighting       | |  1.8
Short Blades   | |  2.3
Throwing       | |  2.0
Dodging        | |  1.9
Unarmed Combat | |  0.7

Action                   |  1- 3 |  4- 6 |  7- 9 || total
-------------------------+-------+-------+-------++-------
Melee: Dagger            |   134 |   113 |    41 ||   288
 Fire: Blowgun           |       |    63 |       ||    63
Evoke: Wand              |     2 |     7 |       ||     9
  Use: Scroll            |     6 |     3 |     1 ||    10
       Potion            |       |     3 |     2 ||     5
 Stab: Sleeping          |     7 |    12 |       ||    19
       Distracted        |     1 |     1 |     1 ||     3
  Eat: Bread ration      |       |     1 |       ||     1
Armor: Robe              |    15 |    19 |     4 ||    38
Dodge: Dodged            |   106 |    77 |    24 ||   207
